 Dungeon Crawl Stone Soup version 0.30-a0-777-ga9a30cbeda (webtiles) character file.

Game seed: 14898592784304643947

213 Flugslaktarn the Chopper (level 5, -2/36 (37) HPs)
             Began as an Octopode Fighter on Feb 13, 2023.
             Was an Initiate of Gozag.
             Slain by a hound (5 damage)
             ... on level 4 of the Dungeon.
             The game lasted 00:01:24 (2183 turns).

Flugslaktarn the Chopper (Octopode Fighter)         Turns: 2183, Time: 00:01:25

HP:   -2/36 (37)    AC:  1    Str: 16    XL:     5   Next: 90%
MP:   5/5           EV: 10    Int: 16    God:    Gozag
Gold: 22            SH:  5    Dex: 13    Spells: 4/4 levels left

rFire   . . .      SeeInvis .    a - +0 war axe
rCold   . . .      Faith    .    b - +0 buckler
rNeg    . . .      Spirit   .    (helmet restricted)
rPois   +          Reflect  .    (no amulet)
rElec   .          Harm     .    o - ring of poison resistance
rCorr   .          Rampage  .    m - +6 ring of intelligence
Will    .....                    (no ring)
Stlth   ++                       (no ring)
HPRegen 0.26/turn                (no ring)
MPRegen 0.09/turn                (no ring)
                                 (no ring)
                                 (no ring)

@: gold aura, constricted, lightly drained
A: almost no armour, amphibious, 8 rings, camouflage 1, gelatinous body 1,
(nimble swimmer 1), tentacles
a: Renounce Religion, Potion Petition, Call Merchant, Bribe Branch


You were on level 4 of the Dungeon.
You worshipped Gozag.
Gozag was noncommittal.
You visited 1 branch of the dungeon, and saw 4 of its levels.

You collected 114 gold pieces.
You spent 39 gold pieces at shops.
You paid 53 gold pieces to Gozag.

Inventory:

Hand Weapons
 a - a +0 war axe (weapon)
Armour
 b - a +0 buckler (worn)
Jewellery
 m - a +6 ring of intelligence (right tentacle)
   (You found it on level 3 of the Dungeon)
 o - a ring of poison resistance (left tentacle)
   (You took it off a goblin on level 2 of the Dungeon)
Scrolls
 c - a scroll of noise
 f - a scroll of blinking {unknown}
 g - a scroll of identify {unknown}
 h - a scroll of acquirement {unknown}
 i - 2 scrolls of teleportation {unknown}
 k - a scroll of fear {unknown}
 p - a scroll of immolation {unknown}
Potions
 d - a potion of might
 e - 2 potions of resistance {unknown}
 j - 3 potions of brilliance {unknown}
 l - a potion of invisibility {unknown}
 n - a potion of haste {unknown}
 q - 2 potions of curing
 r - a potion of degeneration {unknown}


   Skills:
 + Level 3.8 Fighting
 * Level 4.0 Axes
 + Level 3.9 Dodging
 + Level 3.9 Shields


You had 4 spell levels left.
You didn't know any spells.
Your spell library was empty.

Dungeon Overview and Level Annotations

Branches:
Dungeon (4/15)
 Temple: D:4-7

Altars:
Cheibriados
Gozag

Shops:
D:1 (   D:2 !   D:4 **

Annotations:
D:2 1 runed translucent door, Crazy Yiuf


Innate Abilities, Weirdness & Mutations

You cannot wear most types of armour.
You are amphibious.
You can wear up to eight rings at the same time.
Your skin changes colour to match your surroundings (Stealth+).
Your rubbery body absorbs attacks. (AC +1, EV +1)
((You are camouflaged when in or above water. (Stealth+)))
You have tentacles for arms and can constrict up to eight enemies at once.


Message History

The hobgoblin barely misses you. The goblin closely misses you.
An endoplasm comes into view.
Robin shouts!
You feel very mighty all of a sudden. The hobgoblin hits you.
The goblin closely misses you.
You slash Robin!
Robin is no longer distracted by gold.
You grab Robin.
Robin is almost dead.
You slash the goblin!
You kill the goblin!
You hit the hobgoblin but do no damage. You constrict Robin.
You kill Robin!
The goblin is distracted by your dazzling golden aura.
The hobgoblin hits you but does no damage.
The goblin hits you with a +0 dagger of draining.
* * * LOW HITPOINT WARNING * * *
You feel drained.
* * * LOW HITPOINT WARNING * * *
You block the hobgoblin's attack.
Items here: $ )))) [[.
You closely miss the hobgoblin.
The goblin shouts!
You grab the hobgoblin. You hit the goblin.
You kill the goblin!
You constrict the hobgoblin.
You hear an angry hiss.
The hobgoblin misses you.
The goblin is distracted by your dazzling golden aura.
The hobgoblin misses you.
You slash the goblin!
You kill the goblin!
You slash the hobgoblin!
You kill the hobgoblin!
You slash the endoplasm!
You kill the endoplasm!
The goblin is no longer distracted by gold.
Your Axes skill increases to level 4!
The goblin is distracted by your dazzling golden aura.
Found a stone staircase leading down.
You start resting.
You feel a little less mighty now.
HP restored.
There is a stone staircase leading down here.
You now have 22 gold pieces (gained 16).
An adder comes into view.
An adder is nearby!
An adder is nearby!
An adder is nearby!
A ball python comes into view.
The ball python hisses angrily.
You slash the ball python!
You kill the ball python!
You hear an angry hiss.
A ball python comes into view.
You closely miss the adder. Your grab misses the adder.
Your squeeze misses the adder. The adder bites you. x2
You closely miss the adder. Your grab misses the adder.
A hound comes into view.
The adder misses you. The adder bites you.
The hound barks!
You barely miss the hound. Your grab misses the hound.
Your squeeze misses the hound. You barely miss the adder. The hound bites you.
The adder closely misses you. x2; The hound bites you.
There are monsters nearby!
You closely miss the hound. Your grab misses the hound.
You hit the adder but do no damage. The hound bites you but does no damage.
The adder closely misses you. The ball python barely misses you.
The ball python grabs you. The ball python constricts you.
There are monsters nearby!
You barely miss the ball python. Your grab misses the ball python.
You squeeze the ball python, but do no damage.
You closely miss the adder. You hit the hound but do no damage.
The hound bites you. The adder bites you. The hound barely misses you.
The ball python closely misses you. The ball python constricts you.
The adder bites you. The ball python bites you. The ball python constricts you.
* * * LOW HITPOINT WARNING * * *
The hound barely misses you.
There are monsters nearby!
You are too injured to fight recklessly!
You are too injured to fight recklessly!
You hit the adder but do no damage. Your grab misses the adder.
You squeeze the adder.
The adder is heavily wounded.
You closely miss the hound. You closely miss the ball python.
The adder bites you.
* * * LOW HITPOINT WARNING * * *
The hound bites you but does no damage.
The ball python bites you but does no damage.
The ball python constricts you.
* * * LOW HITPOINT WARNING * * *
The adder barely misses you. The hound bites you.
* * * LOW HITPOINT WARNING * * *
Okay, then.
You slash the adder!
You kill the adder!
You hit the hound. You closely miss the ball python.
The ball python closely misses you. The ball python constricts you.
* * * LOW HITPOINT WARNING * * *
The hound bites you.
You die...
Your body crumbles into a pile of gold.

#....# #.#.### ####.#
#....## #.# #..#... # ##
#.# #....## #....# ..###
#.# #.#.## ......#....#
#.######.#[# ........#.#
#..........#
.......#.########.#.#.#
##.!.##$@.............#
..##.....#Sh########.#.#.#
.......$$...# #.....#
#..$$.$.## ###.#.#
##.$.$..###########.#.#
#####..............#:#
################.# $ #.#
..#


You could see a hound and a ball python.

Vanquished Creatures
  A scorpion (D:4)
  Robin (D:4)
  A gnoll (D:1)
  2 adders
  3 worms
  4 dart slugs
  4 orcs (D:3)
  7 endoplasms
  6 giant cockroaches
  15 goblins
  5 hobgoblins
  10 jackals
  5 kobolds
  10 ball pythons
  8 bats
  2 frilled lizards (D:1)
  5 rats
89 creatures vanquished.

Vanquished Creatures (others)
  6 plants
6 creatures vanquished.

Grand Total: 95 creatures vanquished

Notes
Turn   | Place    | Note
-------+----------+-------------------------------------------
     0 | D:1      | Flugslaktarn the Octopode Fighter began the quest for the
                  | Orb.
     0 | D:1      | Reached XP level 1. HP: 16/16 MP: 1/1
   103 | D:1      | Reached XP level 2. HP: 11/21 MP: 2/2
   230 | D:1      | Reached XP level 3. HP: 26/26 MP: 3/3
   461 | D:1      | Found Zaimum's Antique Weapon Emporium.
   852 | D:2      | Reached skill level 3 in Axes
   893 | D:2      | Reached XP level 4. HP: 31/31 MP: 4/4
   893 | D:2      | Found Uteyqoimm's Distillery.
   923 | D:2      | Bought a potion of curing for 39 gold pieces
  1015 | D:2      | Found a runed translucent door.
  1016 | D:2      | Noticed Crazy Yiuf
  1714 | D:3      | Reached XP level 5. HP: 36/36 MP: 5/5
  1883 | D:4      | Found an opulent altar of Gozag.
  1889 | D:4      | Became a worshipper of Gozag Ym Sagoz the Greedy
  1902 | D:4      | Found a snail-covered altar of Cheibriados.
  1924 | D:4      | Found Zethro's Assorted Antiques.
  1930 | D:4      | Found Ihuar's General Store.
  2020 | D:4      | Noticed Robin
  2029 | D:4      | Killed Robin
  2033 | D:4      | Reached skill level 4 in Axes
  2183 | D:4      | Slain by a hound

Illustrated notes

Levels and vault maps discovered:
D:1:      dpeg_arrival_tiny_g, layout_loops_ring, serial_shops,
          nicolae_diamond_shop, minmay_tree_intersection, minmay_statues_item
D:2:      layout_basic, serial_shops, nicolae_shop_trees, serial_bayou_pond_a,
          uniq_crazy_yiuf_cottage
D:3:      layout_rooms
D:4:      wad_river_or_something, layout_loops_ring, lemuel_doored_altar,
          mainiacjoe_overflow_tiny_flanked, serial_shops, nicolae_stop_n_shop_1,
          kennysheep_mini, shop, nicolae_shop_crystal, saegor_snake_ambush,
          uniq_robin, uniq_eustachio

Skill      XL: |  1  2  3  4  5 |
---------------+----------------+-----
Axes           | 3 4 |  4.0
Fighting       | |  3.8
Dodging        | |  3.9
Shields        | |  3.9

Action                     |  1- 3 |  4- 6 || total
---------------------------+-------+-------++-------
  Melee: War axe           |    62 |    77 ||   139
         Constrict         |    17 |    25 ||    42
         Tentacles         |     7 |    17 ||    24
    Use: Potion            |       |     2 ||     2
         Scroll            |       |     1 ||     1
   Stab: Sleeping          |     5 |     3 ||     8
 Armour: Skin              |     3 |     7 ||    10
  Dodge: Dodged            |    44 |    60 ||   104
  Block: Buckler           |    15 |    16 ||    31

Table legend: (Time is in decaauts)
 A = Elapsed time spent in this place.
 B = Non-inter-level travel time spent in this place.
 C = Inter-level travel time spent in this place.
 D = Time resting spent in this place.
 E = Time spent auto-exploring this place.
 F = Levels seen in this place.
 G = Mean time per level.
                   A        B        C        D        E       F      G
               +--------+--------+--------+--------+--------+-----+--------+
         Total |   2236 |   2155 |     81 |    127 |   1546 |   4 |  559.0 |
       Dungeon |   2236 |   2155 |     81 |    127 |   1546 |   4 |  559.0 |
               +--------+--------+--------+--------+--------+-----+--------+

Top non-repeatable levels by time:
     D:1: 743 daAuts
     D:2: 712 daAuts
     D:3: 459 daAuts
     D:4: 320 daAuts
